 Dungeon Crawl Stone Soup version 0.31-a0-339-gda1cbd555d (webtiles) character file.

Game seed: 12096780032454674310

687 freelancePsychic the Shooter (level 7, -7/41 HPs)
             Began as a Deep Elf Hexslinger on July 20, 2023.
             Was a Follower of Ashenzari.
             Killed from afar by Dowan (21 damage)
             ... with a shard of ice
             ... on level 5 of the Dungeon.
             The game lasted 00:09:27 (4103 turns).

freelancePsychic the Shooter (Deep Elf Hexslinger)  Turns: 4103, Time: 00:09:27

Health: -7/41      AC:  3    Str:  5    XL:     7   Next: 35%
Magic:  2/13       EV: 13    Int: 20    God:    Ashenzari [*.....]
Gold:   169        SH:  0    Dex: 17    Spells: 4/11 levels left

rFire   . . .        a - +2 sling
rCold   . . .        (no shield)
rNeg    . . .        c - +0 robe
rPois   .            (no helmet)
rElec   .            (no cloak)
rCorr   .            (no gloves)
SInv    .            h - +0 pair of boots of the Tethered Planets {Comp, Cun} (curse)
Will    .....        (no amulet)
Stlth   +++          e - ring "I Knew You'd Do That" {Wiz, Cun, Comp} (curse)
HPRegen 0.26/turn    (no ring)
MPRegen 0.13/turn

%: wizardry (x1)
@: no status effects
A: no striking features
a: Renounce Religion, Curse Item, Shatter the Chains


You were on level 5 of the Dungeon.
You worshipped Ashenzari.
Ashenzari was aware of your devotion.
You visited 1 branch of the dungeon, and saw 5 of its levels.

You collected 169 gold pieces.

Inventory:

Hand Weapons
 a - a +2 sling (weapon)
Armour
 c - a +0 robe (worn)
 h - the cursed +0 pair of boots of the Tethered Planets (worn) {Comp, Cun}
   (You found it on level 1 of the Dungeon)

   It has a curse which improves the following skills: Companions: Summonings
   and Necromancy.
   Cunning:   Dodging and Stealth.
Jewellery
 e - the cursed ring "I Knew You'd Do That" (left hand) {Wiz, Cun, Comp}
   (You found it on level 3 of the Dungeon)

   [ring of wizardry]

   It improves your spell success rate.
   It has a curse which improves the following skills: Cunning: Dodging and
   Stealth.
   Companions: Summonings and Necromancy.
 k - a ring of ice
Scrolls
 b - 2 scrolls of poison
 f - 2 scrolls of revelation
 i - 3 scrolls of identify {@r1}
 j - 3 scrolls of teleportation {@r4}
 o - a scroll of fear
 p - a scroll of enchant armour
Potions
 d - a potion of curing {@q1}
 g - a potion of berserk rage
 l - a potion of invisibility
 m - a potion of degeneration
 n - a potion of might
 q - 2 potions of brilliance


   Skills:
 + Level 3.2 Fighting
 - Level 5.4 Ranged Weapons
 - Level 2.4(3.4) Dodging
 - Level 3.0(4.0) Stealth
 + Level 2.8 Spellcasting
 - Level 5.0 Hexes
 * Level 4.3(5.4) Summonings
 + Level 1.7 Fire Magic


You had 4 spell levels left.
You knew the following spells:

 Your Spells              Type           Power      Damage    Failure   Level
a - Slow                  Hex            88%        N/A       1%          1
b - Call Canine Familiar  Summ           24%        N/A       1%          3
c - Summon Guardian Gole  Hex/Summ       23%        N/A       1%          3

Your spell library contained the following spells:

 Spells                   Type           Power      Damage    Failure   Level
 Summon Small Mammal      Summ           96%        N/A       1%          1
 Inner Flame              Hex/Fire       16%        N/A       4%          3
 Portal Projectile        Hex/Tloc       24%        N/A       6%          3
 Cause Fear               Hex            11%        N/A       8%          4
 Ozocubu's Armour         Ice            2%         N/A       17%         3
 Ozocubu's Refrigeration  Ice            1%         4d7       100%        7


Dungeon Overview and Level Annotations

Branches:
Dungeon (5/15)             Temple (0/1) D:4

Altars:
Ashenzari
Dithmenos
Yredelemnul
Zin

Annotations:
D:5 Dowan


Message History

The ice beast hits you. The ice beast freezes you!
* * * LOW HITPOINT WARNING * * *
Your guardian golem disappears in a puff of smoke!
You swap places.
Your hound bites the ice beast.
Your hound barely misses the ice beast.
The ice beast closely misses your hound.
You feel better.
Dowan mumbles some strange words.
Dowan blinks!
Your hound bites the ice beast.
The ice beast hits your hound. The ice beast freezes your hound!
Your hound barely misses the ice beast.
Dowan says, "Her death will not be in vain!"
Your hound barely misses the ice beast.
The ice beast completely misses your hound.
Dowan mumbles some strange words.
Dowan blinks!
Your hound barely misses the ice beast.
The ice beast misses your hound.
Your hound bites the ice beast.
The ice beast barely misses your hound.
Your hound bites the ice beast but does no damage.
Your hound bites the ice beast.
The ice beast misses your hound.
Your hound closely misses the ice beast.
The ice beast barely misses your hound.
Your hound completely misses the ice beast.
Dowan mumbles some strange words.
Dowan blinks!
Your hound bites the ice beast but does no damage.
The ice beast misses your hound.
Your hound bites the ice beast.
The ice beast dies!
Your hound closely misses Dowan.
Dowan gestures wildly while chanting.
Dowan blinks!
Dowan casts a spell at you. The stone arrow hits your hound!
Your hound dies!
Your hound's corpse disappears in a puff of smoke!
Dowan gestures at you while chanting. The shard of ice hits you!!
Ouch! That really hurt!
You die...

.........#<.)# #
..?..........#.#
...............#
####....)..###
#e##.#### #.##e#
#.##ยง# #.##.#
#...@# ######


You could see Dowan (fast).

Vanquished Creatures
  Duvessa (D:5)
  A scorpion (D:4)
  An iguana (D:4)
  2 hounds (D:4)
  A gnoll bouda (D:4)
  An orc wizard (D:4)
  Robin (D:2)
  3 adders
  An ufetubus (D:4)
  3 worms
  6 dart slugs
  7 orcs (D:4)
  4 ball pythons
  6 endoplasms
  2 giant cockroaches (D:2)
  6 hobgoblins
  5 jackals (D:1)
  4 quokkas
  6 bats
  4 frilled lizards
  19 goblins
  4 kobolds
  7 rats
95 creatures vanquished.

Vanquished Creatures (collateral kills)
  An ice beast (D:5)
  A hound (D:4)
  A sleepcap (D:4)
  2 adders (D:4)
  2 orcs (D:4)
  A ball python (D:4)
  A kobold (D:4)
9 creatures vanquished.

Vanquished Creatures (others)
  A scorpion (D:5)
1 creature vanquished.

Grand Total: 105 creatures vanquished

Notes
Turn   | Place    | Note
-------+----------+-------------------------------------------
     0 | D:1      | freelancePsychic the Deep Elf Hexslinger began the quest
                  | for the Orb.
     0 | D:1      | Reached XP level 1. HP: 11/11 MP: 5/5
    86 | D:1      | Reached skill level 1 in Fighting
   176 | D:1      | Reached XP level 2. HP: 16/16 MP: 6/6
   187 | D:1      | Reached skill level 1 in Stealth
   642 | D:1      | Reached XP level 3. HP: 20/20 MP: 7/7
  1092 | D:2      | You fall into a shaft and drop 2 floors!
  1130 | D:4      | Found a broken altar of Ashenzari.
  1163 | D:4      | Reached XP level 4. HP: 23/25 MP: 8/8
  1178 | D:4      | Became a worshipper of Ashenzari the Shackled
  1228 | D:4      | Noticed a scorpion
  1337 | D:4      | Killed a scorpion
  1338 | D:4      | Reached skill level 5 in Ranged Weapons
  1560 | D:2      | Reached XP level 5. HP: 30/30 MP: 9/9
  1762 | D:2      | Found a shadowy altar of Dithmenos.
  1971 | D:2      | Noticed Robin
  2086 | D:2      | Killed Robin
  2087 | D:2      | Reached skill level 1 in Summonings
  2235 | D:2      | Learned a level 3 spell: Call Canine Familiar
  2239 | D:2      | Learned a level 3 spell: Summon Guardian Golem
  2362 | D:3      | Found a glowing silver altar of Zin.
  2475 | D:3      | Found a faded altar of an unknown god.
  2689 | D:3      | Reached * piety under Ashenzari
  3120 | D:4      | Found a staircase to the Ecumenical Temple.
  3148 | D:4      | Reached XP level 6. HP: 36/36 MP: 7/10
  3824 | D:4      | Reached skill level 5 in Hexes
  3919 | D:4      | Found a basalt altar of Yredelemnul.
  3980 | D:5      | Entered Level 5 of the Dungeon
  4047 | D:5      | Noticed Duvessa
  4047 | D:5      | Noticed Dowan
  4063 | D:5      | Noticed an ice beast
  4064 | D:5      | Killed Duvessa
  4065 | D:5      | Reached skill level 1 in Fire Magic
  4065 | D:5      | Reached XP level 7. HP: 41/41 MP: 3/12
  4086 | D:5      | HP: 2/41 [ice beast (11)]
  4103 | D:5      | Killed from afar by Dowan

Illustrated notes

Levels and vault maps discovered:
D:1:      minmay_arrival_pointy, layout_basic, st_stairs_10,
          minmay_misc_feat_more_columns
D:2:      layout_basic, basic_altar, serial_bayou_lagoon_a, uniq_robin
D:3:      layout_basic, lemuel_doored_altar, chequers_ecumenical_altar_lobes
D:4:      minmay_wonky_spiral, layout_gridville, kennysheep_little_box,
          evilmike_ruin_ashenzari, minmay_temple_entry_fiery, minmay_quantized
D:5:      layout_basic, uniq_crazy_yiuf_cottage, uniq_duvessa,
          uniq_blork_the_orc, uniq_ijyb

Skill      XL: |  1  2  3  4  5  6  7 |
---------------+----------------------+-----
Ranged Weapons | 3 4 5 |  5.4
Fighting       | 1 2 3 |  3.2
Stealth        | 1 2 3 |  3.0
Summonings     | 2 3 4 |  4.3
Hexes          | 5 |  5.0
Spellcasting   | 2 |  2.8
Fire Magic     | 1 |  1.7
Dodging        | |  2.4

Action                     |  1- 3 |  4- 6 |  7- 9 || total
---------------------------+-------+-------+-------++-------
   Fire: Sling             |   108 |   189 |     9 ||   306
   Cast: Slow              |       |    16 |       ||    16
         Call Canine Famil |       |    12 |     1 ||    13
         Summon Guardian G |       |     3 |     1 ||     4
 Invoke: Curse Item        |       |     2 |       ||     2
    Use: Scroll            |     2 |     2 |       ||     4
         Potion            |     1 |       |     1 ||     2
 Armour: Robe              |     4 |    22 |     2 ||    28
  Dodge: Dodged            |    38 |    59 |     9 ||   106

Table legend: (Time is in decaauts)
 A = Elapsed time spent in this place.
 B = Non-inter-level travel time spent in this place.
 C = Inter-level travel time spent in this place.
 D = Time resting spent in this place.
 E = Time spent auto-exploring this place.
 F = Levels seen in this place.
 G = Mean time per level.
                   A        B        C        D        E       F      G
               +--------+--------+--------+--------+--------+-----+--------+
         Total |   4161 |   3981 |    180 |      7 |   3121 |   5 |  832.2 |
       Dungeon |   4161 |   3981 |    180 |      7 |   3121 |   5 |  832.2 |
               +--------+--------+--------+--------+--------+-----+--------+

Top non-repeatable levels by time:
     D:4: 1403 daAuts
     D:1: 1017 daAuts
     D:2: 964 daAuts
     D:3: 713 daAuts
     D:5: 63 daAuts
